 Dungeon Crawl Stone Soup version 0.21.1-1-g345015f (webtiles) character file.

142 Lilu the Conjurer (level 5, -7/28 HPs)
             Began as a Deep Elf Conjurer on July 22, 2018.
             Killed from afar by an orc wizard (9 damage)
             ... with a magic dart
             ... on level 5 of the Dungeon.
             The game lasted 00:10:12 (2355 turns).

Lilu the Conjurer (Deep Elf Conjurer)               Turns: 2355, Time: 00:10:13

Health: -7/28      AC:  3    Str:  6    XL:     5   Next: 3%
Magic:  1/11       EV: 13    Int: 20    God:
Gold:   44         SH:  0    Dex: 17    Spells: 3/10 levels left

rFire    . . .     SeeInvis .   (no weapon)
rCold    . . .     Gourm    .   (no shield)
rNeg     . . .     Faith    .   a - +0 robe
rPois    .         Spirit   .   k - +0 helmet
rElec    .         Reflect  .   (no cloak)
rCorr    .         Harm     .   (no gloves)
MR       .....                  (no boots)
Stlth    ++........             (no amulet)
HPRegen  0.09/turn              n - +2 ring of dexterity
MPRegen  0.12/turn              (no ring)

@: very slightly contaminated
A: no striking features
a: no special abilities


You were on level 5 of the Dungeon.
You were not hungry.

You visited 1 branch of the dungeon, and saw 5 of its levels.

You collected 44 gold pieces.

Inventory:

Missiles
 g - 18 arrows
 i - 46 stones (quivered)
 j - 32 poisoned needles
Armour
 a - a +0 robe (worn)
 k - a +0 helmet (worn)
 r - a +0 robe
Jewellery
 n - a +2 ring of dexterity (left hand)
Scrolls
 e - 2 scrolls of remove curse
 f - 6 scrolls of identify {unknown}
 l - a scroll of noise {unknown}
 o - a scroll of fear {unknown}
Potions
 m - a potion of resistance {unknown}
 p - 2 potions of curing
Books
 b - a book of Conjurations

   Spells                             Type                      Level
   a - Magic Dart                     Conjuration                  1
   b - Searing Ray                    Conjuration                  2
   c - Dazzling Spray                 Conjuration/Hexes            3
   d - Fulminant Prism                Conjuration/Hexes            4
   e - Force Lance                    Conjuration/Translocation    4
   f - Iskenderun's Mystic Blast      Conjuration                  4
Comestibles
 c - 6 rations
 q - 11 chunks of flesh


   Skills:
 - Level 2.4 Dodging
 - Level 2.4 Stealth
 - Level 3.0 Spellcasting
 + Level 7.0 Conjurations


You had 3 spell levels left.
You knew the following spells:

 Your Spells              Type           Power        Failure   Level  Hunger
a - Magic Dart            Conj           ####         1%          1    None
b - Searing Ray           Conj           ####..       1%          2    ##.....
c - Iskenderun's Mystic   Conj           ####....     8%          4    ####...


Dungeon Overview and Level Annotations

Branches:
Dungeon (6/15)
 Temple: D:4-7

Altars:

Portals:
Sewer: D:5

Annotations:
D:6 grocchini's ghost, novice DsNe


Message History

You hit the rat but do no damage. The river rat bites you.
The rat barely misses you.
You closely miss the rat. The river rat bites you.
* * * LOW HITPOINT WARNING * * *
The rat completely misses you.
As you read the scroll labeled BYKKOR HOAC, it crumbles to dust.
You feel blessed for a moment.
It was a scroll of remove curse.
The river rat bites you.
* * * LOW HITPOINT WARNING * * *
The rat bites you.
* * * LOW HITPOINT WARNING * * *
An orc comes into view.
Blink to where?
Press: ? - help, Dir - move target cursor, p - river rat You are very lightly contaminated with residual magic.
As you read the scroll labeled LOEPSIMUVE, it crumbles to dust.
It was a scroll of blinking.
The orc wizard points at you and mumbles some strange words.
The magic dart hits you!
You die...

.# ######.#
#∩≈≈≈≈.#
#≈≈≈≈..#
#≈≈≈≈..#
#≈≈....## #
##≈.Z.....
#.##?>..o.#
##
#...@o.#.##
..
.....##....#
##.# ....
###.###.. ..
##o#.# ##.o#
##r# #r##
#r§# ####


You could see 2 orc wizards, 2 orcs, 2 rats and a quokka skeleton (wandering).

Vanquished Creatures
  Jessica (D:3)
  3 adders
  2 river rats (D:5)
  An ooze (D:2)
  3 dart slugs (D:2)
  2 leopard geckos
  A giant cockroach (D:2)
  7 goblins (D:1)
  11 hobgoblins
  2 jackals (D:3)
  A quokka (D:2)
  2 ball pythons
  10 bats
  5 frilled lizards
  7 kobolds
  2 rats (D:1)
60 creatures vanquished.

Notes
Turn   | Place    | Note
-------+----------+-------------------------------------------
     0 | D:1      | Lilu the Deep Elf Conjurer began the quest for the Orb.
     0 | D:1      | Reached XP level 1. HP: 10/10 MP: 6/6
   133 | D:1      | Reached XP level 2. HP: 15/15 MP: 6/8
   154 | D:1      | Reached skill level 5 in Conjurations
   746 | D:2      | Reached XP level 3. HP: 19/19 MP: 6/9
   751 | D:2      | Learned a level 2 spell: Searing Ray
  1322 | D:2      | Reached skill level 6 in Conjurations
  1564 | D:2      | Reached XP level 4. HP: 17/24 MP: 3/10
  2210 | D:3      | Noticed Jessica
  2214 | D:3      | Killed Jessica
  2276 | D:3      | Learned a level 4 spell: Iskenderun's Mystic Blast
  2314 | D:3      | You fall through a shaft for 3 floors!
  2314 | D:6      | Noticed grocchini's ghost (novice DsNe)
  2322 | D:5      | Entered Level 5 of the Dungeon
  2322 | D:5      | Found a glowing drain.
  2339 | D:5      | Reached skill level 7 in Conjurations
  2339 | D:5      | Reached XP level 5. HP: 24/28 MP: 0/11
  2355 | D:5      | Killed from afar by an orc wizard

Skill      XL: |  1  2  3  4 |
---------------+-------------+-----
Conjurations   | 5 6 7 |  7.0
Dodging        | |  2.4
Stealth        | |  2.4
Spellcasting   | |  3.0

Action                   |  1- 3 |  4- 6 || total
-------------------------+-------+-------++-------
Melee: Unarmed           |     6 |    12 ||    18
 Cast: Magic Dart        |    81 |    36 ||   117
  Use: Scroll            |       |     3 ||     3
       Potion            |       |     1 ||     1
  Eat: Chunk             |     2 |     2 ||     4
Armor: Robe              |     6 |     7 ||    13
Dodge: Dodged            |    17 |    26 ||    43
